 Dungeon Crawl Stone Soup version 0.28.0-45-g0d030f2227 (webtiles) character file.

Game seed: 15110487481722790463

50 OrbIsHorse the Chiller (level 3, -3/25 HPs)
             Began as a Merfolk Ice Elementalist on Apr 11, 2022.
             Slain by a gnoll
             ... wielding a +0 club
              (5 damage)
             ... on level 2 of the Dungeon.
             The game lasted 00:08:33 (2014 turns).

OrbIsHorse the Chiller (Merfolk Ice Elementalist)   Turns: 2014, Time: 00:08:33

Health: -3/25      AC:  2    Str:  8    XL:     3   Next: 79%
Magic:  6/7        EV: 13    Int: 16    God:
Gold:   64         SH:  0    Dex: 14    Spells: 3/7 levels left

rFire   . . .      SeeInvis .   b - +0 dagger
rCold   . . .      Faith    .   (no shield)
rNeg    . . .      Spirit   .   a - +0 robe
rPois   .          Reflect  .   (no helmet)
rElec   .          Harm     .   (no cloak)
rCorr   .          Rampage  .   (no gloves)
Will    .....                   (no boots)
Stlth   ++........              (no amulet)
HPRegen 0.08/turn               (no ring)
MPRegen 0.10/turn               (no ring)

@: no status effects
A: (nimble swimmer 2), mertail
a: no special abilities


You were on level 2 of the Dungeon.
You visited 1 branch of the dungeon, and saw 2 of its levels.

You collected 64 gold pieces.

Inventory:

Hand Weapons
 b - a +0 dagger (weapon)
 e - a +0 short sword
Armour
 a - a +0 robe (worn)
 c - a +0 robe
 g - a +0 plate armour
Scrolls
 d - a scroll of summoning {unknown}
 h - a scroll of blinking {unknown}
Potions
 f - a potion of degeneration {unknown}
 i - a potion of mutation {unknown}


   Skills:
 + Level 0.3 Fighting
 + Level 3.1 Dodging
 + Level 2.3 Stealth
 + Level 2.7 Spellcasting
 + Level 5.1 Ice Magic


You had 3 spell levels left.
You knew the following spells:

 Your Spells              Type           Power      Damage    Failure   Level
a - Freeze                Ice            72%        1d9       2%          1
b - Ozocubu's Armour      Ice            18%        N/A       7%          3

Your spell library contained the following spells:

 Spells                   Type           Power      Damage    Failure   Level
 Frozen Ramparts          Ice            36%        1d5       7%          3
 Hailstorm                Conj/Ice       10%        3d5       56%         4


Dungeon Overview and Level Annotations

Branches:
Dungeon (2/15)

Altars:


Innate Abilities, Weirdness & Mutations

((You are very nimble when in or above water. (Stealth+, EV+, Speed+++)))
Your lower body shifts to a powerful aquatic tail in water.


Message History

Unknown command.
Your icy armour will break if you move.
Continue?
Okay, then.
Aiming: Freeze (safe; 2% risk of failure)
Press: ? - help, Q - select action Shift-Dir - straight line
Okay, then.
The gnoll hits you from afar with a +0 halberd!
Aiming: Freeze (safe; 2% risk of failure)
Press: ? - help, Q - select action Shift-Dir - straight line, f - you That would be overly suicidal.
Okay, then.
Your icy armour will break if you move.
Continue?
Your icy armour cracks and falls away as you move.
The gnoll hits you from afar with a +0 halberd.
Really walk into that dispersal trap? [Y]es or [N]o only, please.
Really walk into that dispersal trap? [Y]es or [N]o only, please.
Really walk into that dispersal trap?
You enter a dispersal trap!
The gnoll blinks! x5; You blink.
Aiming: Freeze (safe; 2% risk of failure)
Press: ? - help, Q - select action Shift-Dir - straight line, f - you
Okay, then.
The gnoll barely misses you.
You see here an adder skeleton.
Sorry, you're not good enough to have a special ability.
The gnoll hits you with a +0 halberd!
* * * LOW HITPOINT WARNING * * *
Sorry, you're not good enough to have a special ability.
Unknown command.
You closely miss the gnoll. The gnoll closely misses you.
You hit the gnoll.
The gnoll is lightly wounded.
The gnoll misses you.
Sorry, you're not good enough to have a special ability.
Unknown command.
You hit the gnoll but do no damage.
The gnoll is lightly wounded.
The gnoll hits you with a +0 club.
You die...

#†# #.†#..#....... ###.#
##............
####..†#######........##
.........................
.....#.......#......##g..
.#..#..########.#...##..#
##.....###...g...#..#.##
#>###..g...........#.# ..
#.@g........÷....# ..
#..####..........##
....## #..........#
#...## #.............
#### #.........####
#.........# #........##
#........# ##########


You could see 3 gnolls.

Vanquished Creatures
  2 adders (D:2)
  A dart slug (D:1)
  2 ball pythons
  3 bats
  6 endoplasms
  2 giant cockroaches (D:2)
  A goblin (D:1)
  3 hobgoblins
  2 jackals (D:2)
  A frilled lizard (D:1)
  A kobold (D:2)
  2 rats (D:2)
26 creatures vanquished.

Notes
Turn   | Place    | Note
-------+----------+-------------------------------------------
     0 | D:1      | OrbIsHorse the Merfolk Ice Elementalist began the quest for
                  | the Orb.
     0 | D:1      | Reached XP level 1. HP: 13/13 MP: 3/3
   272 | D:1      | Reached XP level 2. HP: 15/19 MP: 1/5
  1192 | D:2      | Reached XP level 3. HP: 19/24 MP: 1/6
  1259 | D:2      | Learned a level 3 spell: Ozocubu's Armour
  1363 | D:2      | Reached skill level 5 in Ice Magic
  2014 | D:2      | Slain by a gnoll

Illustrated notes

Levels and vault maps discovered:
D:1:      dpeg_arrival_radiant, layout_loops_corners
D:2:      kennysheep_big_flooded_room, layout_rooms

Skill      XL: |  1  2  3 |
---------------+----------+-----
Dodging        | 3 |  3.1
Ice Magic      | 5 |  5.1
Fighting       | |  0.3
Stealth        | |  2.3
Spellcasting   | |  2.7

Action                   || total
-------------------------++-------
Melee: Unarmed           ||    12
       Dagger            ||    24
 Cast: Freeze            ||    41
       Ozocubu's Armour  ||     3
 Stab: Sleeping          ||     1
Armor: Robe              ||    14
Dodge: Dodged            ||    55
